 Dungeon Crawl Stone Soup version 0.20.1-1-g8b1a95d66d (webtiles) character file.

147 NixNut the Skirmisher (level 5, -6/33 HPs)
             Began as a Tengu Fighter on Dec 29, 2017.
             Mangled by Grinder (7 damage)
             ... on level 3 of the Dungeon.
             The game lasted 00:08:12 (1792 turns).

NixNut the Skirmisher (Tengu Fighter)               Turns: 1792, Time: 00:08:13

Health: -6/33      AC:  8    Str: 22    XL:     5   Next: 29%
Magic:  6/6        EV: 10    Int:  8    God:
Gold:   119        SH:  0    Dex: 14    Spells: 4/4 levels left

rFire    . . .     SeeInvis .   a - +0 long sword
rCold    . . .     Gourm    .   (no shield)
rNeg     . . .     Faith    .   b - +0 scale mail
rPois    .         Spirit   .   (helmet restricted)
rElec    .         Reflect  .   i - +0 cloak
rCorr    .         Harm     .   (no gloves)
MR       .....                  (boots unavailable)
Stlth    ..........             (no amulet)
Regen    0.2/turn               (no ring)
MPRegen  0.1/turn               (no ring)

@: mighty
A: beak, talons 3, able to fly 1
a: Fly


You were on level 3 of the Dungeon.
You were not hungry.

You visited 1 branch of the dungeon, and saw 3 of its levels.

You collected 119 gold pieces.

Inventory:

Hand Weapons
 a - a +0 long sword (weapon)
Armour
 b - a +0 scale mail (worn)
 c - a +0 shield
 i - a +0 cloak (worn)
Scrolls
 e - a scroll of magic mapping {unknown}
 j - a scroll of blinking {unknown}
 m - 3 scrolls of identify {unknown}
 n - a scroll of teleportation {unknown}
Potions
 h - a potion of degeneration {unknown}
 l - 2 potions of lignification {unknown}
Comestibles
 f - a bread ration
 g - 2 fruits
 k - 2 royal jellies


   Skills:
 + Level 4.1 Fighting
 + Level 3.4 Long Blades
 + Level 3.8 Armour
 + Level 1.8 Dodging
 - Level 3.4 Shields


You had 4 spell levels left.
You didn't know any spells.

Dungeon Overview and Level Annotations

Branches:
Dungeon (3/15)

Altars:

Annotations:
D:3 Grinder


Innate Abilities, Weirdness & Mutations

You have a beak for a mouth.
You have claws for feet.
You can fly.


Message History

The hobgoblin hits you but does no damage.
The ooze hits you but does no damage. The ooze hits you but does no damage.
The hobgoblin completely misses you. The ooze hits you.
* * * LOW HITPOINT WARNING * * *
Grinder hits you.
* * * LOW HITPOINT WARNING * * *
You writhe in agony.
* * * LOW HITPOINT WARNING * * *
The hobgoblin hits you but does no damage.
The ooze jiggles.
The ooze hits you but does no damage. Grinder barely misses you.
The hobgoblin hits you but does no damage.
You can move again.
You are too injured to fight recklessly!
You are too injured to fight recklessly!
You closely miss Grinder.
Grinder is moderately wounded.
The ooze hits you but does no damage. Grinder hits you!
You die...

#.# #.K.. #.# #.#.#
#.# #.#(# #<### #.#.#
#.#)####.#.#
#####..#.##....##.#
...#.###.........#
#.###J#..#..#....####
#....@5.#.#.#....#
#####.g.###...#..#
#.#.# #.#...##
#.#.....##...
#.#.#.### ####
........ #.##. ###
#.. ..


You could see Grinder, an ooze and a hobgoblin.

Vanquished Creatures
  A crimson imp (D:3)
  Jessica (D:2)
  Robin (D:2)
  2 adders (D:2)
  2 oozes (D:2)
  A leopard gecko (D:1)
  7 bats
  2 giant cockroaches (D:2)
  11 goblins
  10 hobgoblins
  A ball python (D:1)
  2 frilled lizards (D:1)
  3 kobolds
  6 rats
50 creatures vanquished.

Notes
Turn   | Place    | Note
-------+----------+-------------------------------------------
     0 | D:1      | NixNut the Tengu Fighter began the quest for the Orb.
     0 | D:1      | Reached XP level 1. HP: 14/14 MP: 2/2
   344 | D:1      | Reached XP level 2. HP: 19/19 MP: 3/3
   939 | D:2      | Reached XP level 3. HP: 23/23 MP: 4/4
  1232 | D:2      | Noticed Jessica
  1239 | D:2      | Killed Jessica
  1239 | D:2      | Reached XP level 4. HP: 29/29 MP: 5/5
  1267 | D:2      | You fall through a shaft!
  1302 | D:2      | Reached skill level 1 in Dodging
  1469 | D:2      | Noticed Robin
  1471 | D:2      | Reached skill level 4 in Fighting
  1477 | D:2      | Killed Robin
  1677 | D:3      | Gained mutation: You can fly. [Tengu growth]
  1677 | D:3      | Reached XP level 5. HP: 22/33 MP: 6/6
  1780 | D:3      | Noticed Grinder
  1785 | D:3      | Paralysed by Grinder for 7 turns
  1790 | D:3      | HP: 1/33 [Grinder (5)]
  1792 | D:3      | Mangled by Grinder

Skill      XL: |  1  2  3  4 |
---------------+-------------+-----
Long Blades    | 3 |  3.4
Dodging        | 1 |  1.8
Fighting       | 4 |  4.1
Armour         | |  3.8
Shields        | |  3.4

Action                   |  1- 3 |  4- 6 || total
-------------------------+-------+-------++-------
Melee: Long sword        |    54 |    53 ||   107
       Peck              |     9 |     9 ||    18
       Kick              |    16 |    12 ||    28
  Use: Potion            |       |     1 ||     1
  Eat: Bread ration      |     1 |       ||     1
Armor: Scale mail        |    23 |    31 ||    54
Dodge: Dodged            |    24 |    28 ||    52
Block: Shield            |    18 |       ||    18
       Rpst.: Long sword |    10 |    11 ||    21
